 Dungeon Crawl Stone Soup version 0.21-a0-331-gfb491b4 (webtiles) character file.

1832 tidbits the Charmwright (level 9, -6/103 HPs)
             Began as a Gnoll Skald on Oct 2, 2017.
             Was a Follower of Cheibriados.
             Mangled by an ogre
             ... wielding a +0 giant spiked club
             ... summoned by an orange crystal statue
              (7 damage)
             ... on level 8 of the Dungeon.
             The game lasted 00:16:35 (2459 turns).

tidbits the Charmwright (Gnoll Skald)               Turns: 2459, Time: 00:16:35

Health: -6/103     AC: 24    Str: 15      XL:     9   Next: 11%
Magic:  0/18       EV:  2    Int: 15 (21) God:    Cheibriados [*.....]
Gold:   108        SH:  0    Dex: 17      Spells: 9/20 levels left

rFire    . . .     SeeInvis .   a - +4 falchion (drain)
rCold    . . .     Gourm    .   (no shield)
rNeg     + + +     Faith    .   (armour currently unavailable)
rPois    +         Spirit   .   (helmet currently unavailable)
rElec    .         Reflect  .   (cloak currently unavailable)
rCorr    .         Harm     .   (gloves currently unavailable)
MR       .....     NoTele   +   (boots currently unavailable)
Stlth    +.........             R - amulet of regeneration
HPRegen  0.67/turn              p - ring of positive energy
MPRegen  0.16/turn              (no ring)

@: confused, tree-form, starving, very slow
A: distributed training, strong nose
a: Bend Time, Renounce Religion


You were on level 8 of the Dungeon.
You worshipped Cheibriados.
Cheibriados was aware of your devotion.
You were starving.
You were a tree.
You visited 2 branches of the dungeon, and saw 10 of its levels.

You collected 166 gold pieces.
You spent 58 gold pieces at shops.

Inventory:

Hand Weapons
 a - a +4 falchion of draining (weapon)
   (You took it off Eustachio on level 5 of the Dungeon)
 b - a +0 war axe
 o - a +1 great mace of draining
   (You found it on level 5 of the Dungeon)
 u - a +5 dire flail
Missiles
 t - 38 arrows
Armour
 k - a +0 scale mail
 B - a +0 troll leather armour (melded)
 C - a +2 cloak (melded)
 E - a +1 helmet (melded)
 F - a +0 pair of boots (melded)
 G - a +0 pair of gloves (melded)
Jewellery
 p - a ring of positive energy (left branch)
   (You took it off a gnoll on level 3 of the Dungeon)
 R - an amulet of regeneration (around neck)
   (You found it on level 2 of the Dungeon)
Wands
 m - a wand of digging (11/24)
 q - a wand of disintegration (2/24)
Scrolls
 e - 4 scrolls of teleportation
 f - a scroll of blinking {unknown}
 h - 2 scrolls of fear {unknown}
 i - a scroll of amnesia {unknown}
 j - a scroll of random uselessness {unknown}
 n - a scroll of magic mapping {unknown}
 r - 3 scrolls of remove curse
 v - a scroll of fog {unknown}
Potions
 x - a potion of agility
Books
 c - a book of Battle

   Spells                             Type                      Level
   a - Infusion                       Charms                       1
   b - Shroud of Golubria             Charms/Translocation         2
   c - Song of Slaying                Charms                       2
   d - Spectral Weapon                Hexes/Charms                 3
   e - Regeneration                   Charms/Necromancy            3
Comestibles
 d - 2 bread rations
 g - 13 royal jellies


   Skills:
 + Level 6.0 Fighting
 + Level 3.8 Short Blades
 + Level 3.8 Long Blades
 + Level 6.0 Axes
 + Level 3.8 Maces & Flails
 + Level 3.8 Polearms
 + Level 3.8 Staves
 + Level 3.8 Slings
 + Level 3.8 Bows
 + Level 3.8 Crossbows
 + Level 3.8 Throwing
 + Level 4.7 Armour
 + Level 6.0 Dodging
 + Level 3.8 Stealth
   Level 0.0 Stabbing
 + Level 3.8 Shields
   Level 0.0 Traps
 + Level 3.8 Unarmed Combat
 + Level 6.3 Spellcasting
 + Level 3.8 Conjurations
 + Level 3.8 Hexes
 + Level 7.6 Charms
 + Level 3.8 Summonings
 + Level 3.8 Necromancy
 + Level 3.8 Translocations
 + Level 3.8 Transmutations
 + Level 3.8 Fire Magic
 + Level 3.8 Ice Magic
 + Level 3.8 Air Magic
 + Level 3.8 Earth Magic
 + Level 3.8 Poison Magic
 + Level 3.8 Invocations
 + Level 3.8 Evocations


You had 9 spell levels left.
You knew the following spells:

 Your Spells              Type           Power        Failure   Level  Hunger
g - Shroud of Golubria    Chrm/Tloc      ###.......   1%          2    #......
i - Infusion              Chrm           ####         1%          1    None
r - Regeneration          Chrm/Necr      ###.......   4%          3    ##.....
w - Spectral Weapon       Hex/Chrm       ###.....     4%          3    ##.....
y - Song of Slaying       Chrm           ####....     1%          2    #......


Dungeon Overview and Level Annotations

Branches:
Dungeon (9/15)             Temple (1/1) D:7
   Lair: D:8-11         Orc: D:9-12

Altars:
Ashenzari
Cheibriados
Dithmenos
Fedhas
Nemelex Xobeh
Okawaru
Qazlal
Ru
Sif Muna
Vehumet
Wu Jian
Xom
Yredelemnul
The Shining One

Shops:
D:4 [

Annotations:
D:6 Sigmund
D:8 exclusion: orange crystal statue


Innate Abilities, Weirdness & Mutations

Your experience applies equally to all skills.
((You have very sharp teeth.))
Your uncanny sense of smell can sniff out nearby items.


Message History

The ogre hits you but does no damage.
You feel less confused. The orc hits you but does no damage.
The orc wizard hits you but does no damage.
The hungry ghost hits you.
You feel slightly more hungry.
The ogre hits you with a giant spiked club!
* * * LOW HITPOINT WARNING * * *
The orc wizard hits you but does no damage.
The orc barely misses you. The hungry ghost hits you.
You feel slightly more hungry.
The orange crystal statue glitters topaz in the dim dungeon light.
The orange crystal statue fixes its piercing gaze on you.
You feel your power leaking away.
The orc wizard hits you but does no damage.
The ogre hits you but does no damage. The hungry ghost hits you.
You feel slightly more hungry. The orc hits you but does no damage.
The orc wizard hits you but does no damage.
The hungry ghost hits you.
The orange crystal statue glitters topaz in the dim dungeon light.
The orange crystal statue glitters.
You are confused.
The orc hits you but does no damage. The ogre hits you but does no damage.
The orc wizard hits you but does no damage.
The hungry ghost hits you.
You can move again.
Unknown command.
You eat the meat ration.
That meat ration really hit the spot!
The orc hits you but does no damage. The ogre hits you but does no damage.
The orc wizard hits you but does no damage.
The hungry ghost hits you.
* * * LOW HITPOINT WARNING * * *
You feel a lot more hungry.
The orange crystal statue fixes its piercing gaze on you.
Something tries to feed on your intellect!
Unknown command.
You're too confused!
Unknown command.
Okay, then.
You cannot move. (Use ctrl+direction to attack without moving.)
You swing at nothing.
The orc hits you with a flail.
* * * LOW HITPOINT WARNING * * *
The orc wizard hits you but does no damage.
The hungry ghost completely misses you. The ogre barely misses you.
You swing at nothing.
The orc wizard hits you but does no damage.
The orc hits you but does no damage. The hungry ghost hits you.
You feel a lot more hungry.
The orange crystal statue fixes its piercing gaze on you.
You feel dopey. Something feeds on your intellect!
You hit the ogre.
The ogre is severely wounded.
The ogre hits you with a giant spiked club!
* * * LOW HITPOINT WARNING * * *
The orc wizard points at you and mumbles some strange words.
The puff of flame hits you! The hungry ghost hits you.
* * * LOW HITPOINT WARNING * * *
You are feeling hungry.
The orc hits you but does no damage.
You slash the orange crystal statue!
The orange crystal statue is almost destroyed.
The orc wizard hits you but does no damage.
The ogre hits you but does no damage. The hungry ghost hits you.
You are feeling very hungry.
The orange crystal statue glitters.
You are more confused.
The orc hits you but does no damage.
You hit the hungry ghost.
The hungry ghost is lightly damaged.
The orc wizard hits you but does no damage.
The hungry ghost hits you.
You are near starving!
The ogre hits you but does no damage. The orc hits you but does no damage.
You hit the orange crystal statue but do no damage.
The orange crystal statue is almost destroyed.
The orc wizard hits you but does no damage.
The hungry ghost hits you.
You are starving!
The orc hits you but does no damage. The ogre barely misses you.
The orc wizard hits you but does no damage.
You swing at nothing.
The orc dissolves into shadows!
The hungry ghost barely misses you.
The orange crystal statue glitters.
The orc wizard points at you and mumbles some strange words.
The magic dart hits you!
You completely miss the orange crystal statue.
The orange crystal statue is almost destroyed.
The orc wizard dissolves into shadows!
The hungry ghost dissolves into shadows!
The ogre hits you with a giant spiked club!
* * * LOW HITPOINT WARNING * * *
The orange crystal statue fixes its piercing gaze on you.
You feel your power leaking away.
The sky beast hits you but does no damage.
Unknown command.
Okay, then.
Unknown command.
It was a potion of flight.
Your roots keep you in place.
The ogre hits you with a giant spiked club!
You die...

............#.# #..#.# .
......#######.## #..#.# #
...............### #..#.#.#
......######...#.# #..#.#.##.
.................#
#...#......
#########.....#..#
##...#.##### #.#
#.<......#.J# ###....#.#
##'###.........OY###......#.#
#...###....#.##.♣8o.......#.#
#.#.##........#..###......#.#
#...##..####..#....# #....#.#
##'##≈........###..# ##...#.#
≈.≈.≈...........#..####...#.#
.............##.##.....#..#.#
.............##........#.)#.#
[............######....#..#.#
.............######.#..#..#.#


You could see an orange crystal statue, a sky beast, an ogre, a jelly and an
orc.

Vanquished Creatures
  A troll (D:9)
  Eustachio (D:5)
  A sky beast (D:6)
  2 ice beasts
  An ogre (D:9)
  Blork the orc (D:5)
  2 bullfrogs
  5 wights (D:7)
  A howler monkey (D:6)
  4 jellies
  3 hounds
  A gnoll shaman (D:4)
  2 orc wizards
  Ijyb (D:5)
  A centaur skeleton (D:6)
  2 worker ants
  A worker ant zombie (D:6)
  7 adders
  8 gnolls
  A shadow imp (D:5)
  6 oozes
  An adder zombie (D:5)
  A worm (D:2)
  A dart slug (D:1)
  4 leopard geckos
  7 orcs
  A ball python (D:1)
  3 giant cockroaches
  8 hobgoblins
  7 jackals
  3 quokkas
  8 bats
  6 frilled lizards
  6 goblins
  8 kobolds
  A leopard gecko skeleton (D:8)
  7 rats
124 creatures vanquished.

Vanquished Creatures (others)
  3 spectral weapons
3 creatures vanquished.

Grand Total: 127 creatures vanquished

Notes
Turn   | Place    | Note
-------+----------+-------------------------------------------
     0 | D:1      | tidbits the Gnoll Skald began the quest for the Orb.
     0 | D:1      | Reached XP level 1. HP: 20/20 MP: 6/6
    47 | D:1      | Reached XP level 2. HP: 19/26 MP: 1/7
    51 | D:1      | Learned a level 2 spell: Song of Slaying
    54 | D:1      | Learned a level 2 spell: Shroud of Golubria
   299 | D:1      | Reached XP level 3. HP: 25/31 MP: 9/9
   311 | D:1      | Reached skill level 5 in Spellcasting
   446 | D:2      | Learned a level 3 spell: Regeneration
   451 | D:2      | Learned a level 3 spell: Spectral Weapon
   480 | D:2      | Reached skill level 1 in Short Blades
   480 | D:2      | Reached skill level 1 in Long Blades
   480 | D:2      | Reached skill level 1 in Maces & Flails
   480 | D:2      | Reached skill level 1 in Polearms
   480 | D:2      | Reached skill level 1 in Staves
   480 | D:2      | Reached skill level 1 in Slings
   480 | D:2      | Reached skill level 1 in Bows
   480 | D:2      | Reached skill level 1 in Crossbows
   480 | D:2      | Reached skill level 1 in Throwing
   480 | D:2      | Reached skill level 1 in Stealth
   480 | D:2      | Reached skill level 1 in Shields
   480 | D:2      | Reached skill level 1 in Unarmed Combat
   480 | D:2      | Reached skill level 1 in Conjurations
   480 | D:2      | Reached skill level 1 in Hexes
   480 | D:2      | Reached skill level 1 in Summonings
   480 | D:2      | Reached skill level 1 in Necromancy
   480 | D:2      | Reached skill level 1 in Translocations
   480 | D:2      | Reached skill level 1 in Transmutations
   480 | D:2      | Reached skill level 1 in Fire Magic
   480 | D:2      | Reached skill level 1 in Ice Magic
   480 | D:2      | Reached skill level 1 in Air Magic
   480 | D:2      | Reached skill level 1 in Earth Magic
   480 | D:2      | Reached skill level 1 in Poison Magic
   480 | D:2      | Reached skill level 1 in Invocations
   480 | D:2      | Reached skill level 1 in Evocations
   517 | D:2      | Found a blossoming altar of Fedhas.
   532 | D:2      | Found a stormy altar of Qazlal.
   537 | D:2      | Reached XP level 4. HP: 33/38 MP: 0/11
   920 | D:3      | Reached XP level 5. HP: 43/43 MP: 0/12
  1105 | D:4      | Found Xorpha's Armour Emporium.
  1110 | D:4      | Bought a +0 pair of gloves for 58 gold pieces
  1202 | D:4      | Reached skill level 3 in Armour
  1215 | D:5      | Entered Level 5 of the Dungeon
  1235 | D:6      | Noticed a sky beast
  1246 | D:6      | Reached XP level 6. HP: 34/50 MP: 9/13
  1252 | D:6      | Killed a sky beast
  1252 | D:6      | Reached skill level 5 in Fighting
  1252 | D:6      | Reached skill level 2 in Short Blades
  1252 | D:6      | Reached skill level 2 in Long Blades
  1252 | D:6      | Reached skill level 5 in Axes
  1252 | D:6      | Reached skill level 2 in Maces & Flails
  1252 | D:6      | Reached skill level 2 in Polearms
  1252 | D:6      | Reached skill level 2 in Staves
  1252 | D:6      | Reached skill level 2 in Slings
  1252 | D:6      | Reached skill level 2 in Bows
  1252 | D:6      | Reached skill level 2 in Crossbows
  1252 | D:6      | Reached skill level 2 in Throwing
  1252 | D:6      | Reached skill level 5 in Dodging
  1252 | D:6      | Reached skill level 2 in Stealth
  1252 | D:6      | Reached skill level 2 in Shields
  1252 | D:6      | Reached skill level 2 in Unarmed Combat
  1252 | D:6      | Reached skill level 2 in Conjurations
  1252 | D:6      | Reached skill level 2 in Hexes
  1252 | D:6      | Reached skill level 2 in Summonings
  1252 | D:6      | Reached skill level 2 in Necromancy
  1252 | D:6      | Reached skill level 2 in Translocations
  1252 | D:6      | Reached skill level 2 in Transmutations
  1252 | D:6      | Reached skill level 2 in Fire Magic
  1252 | D:6      | Reached skill level 2 in Ice Magic
  1252 | D:6      | Reached skill level 2 in Air Magic
  1252 | D:6      | Reached skill level 2 in Earth Magic
  1252 | D:6      | Reached skill level 2 in Poison Magic
  1252 | D:6      | Reached skill level 2 in Invocations
  1252 | D:6      | Reached skill level 2 in Evocations
  1260 | D:6      | Reached XP level 7. HP: 28/56 MP: 8/15
  1264 | D:6      | Noticed Sigmund
  1282 | D:5      | Noticed Ijyb
  1316 | D:5      | Killed Ijyb
  1476 | D:4      | Reached skill level 7 in Charms
  1707 | D:6      | Found a shattered altar of Ashenzari.
  1711 | D:5      | Noticed Eustachio
  1731 | D:5      | Killed Eustachio
  1766 | D:5      | Reached XP level 8. HP: 58/63 MP: 4/16
  1795 | D:5      | Found a sacrificial altar of Ru.
  1844 | D:5      | Noticed Blork the orc
  1855 | D:5      | Killed Blork the orc
  1855 | D:5      | Reached skill level 4 in Armour
  1865 | D:5      | Reached skill level 3 in Short Blades
  1865 | D:5      | Reached skill level 3 in Long Blades
  1865 | D:5      | Reached skill level 3 in Maces & Flails
  1865 | D:5      | Reached skill level 3 in Polearms
  1865 | D:5      | Reached skill level 3 in Staves
  1865 | D:5      | Reached skill level 3 in Slings
  1865 | D:5      | Reached skill level 3 in Bows
  1865 | D:5      | Reached skill level 3 in Crossbows
  1865 | D:5      | Reached skill level 3 in Throwing
  1865 | D:5      | Reached skill level 3 in Stealth
  1865 | D:5      | Reached skill level 3 in Shields
  1865 | D:5      | Reached skill level 3 in Unarmed Combat
  1865 | D:5      | Reached skill level 3 in Conjurations
  1865 | D:5      | Reached skill level 3 in Hexes
  1865 | D:5      | Reached skill level 3 in Summonings
  1865 | D:5      | Reached skill level 3 in Necromancy
  1865 | D:5      | Reached skill level 3 in Translocations
  1865 | D:5      | Reached skill level 3 in Transmutations
  1865 | D:5      | Reached skill level 3 in Fire Magic
  1865 | D:5      | Reached skill level 3 in Ice Magic
  1865 | D:5      | Reached skill level 3 in Air Magic
  1865 | D:5      | Reached skill level 3 in Earth Magic
  1865 | D:5      | Reached skill level 3 in Poison Magic
  1865 | D:5      | Reached skill level 3 in Invocations
  1865 | D:5      | Reached skill level 3 in Evocations
  1922 | D:7      | Found a staircase to the Ecumenical Temple.
  1928 | Temple   | Entered the Ecumenical Temple
  1952 | Temple   | Became a worshipper of Cheibriados the Contemplative
  2030 | D:7      | Reached skill level 6 in Spellcasting
  2158 | D:9      | Noticed a troll
  2167 | D:9      | Killed a troll
  2170 | D:9      | Reached skill level 6 in Fighting
  2170 | D:9      | Reached skill level 6 in Axes
  2170 | D:9      | Reached skill level 6 in Dodging
  2170 | D:9      | Reached XP level 9. HP: 69/69 MP: 10/18
  2234 | D:8      | Reached * piety under Cheibriados
  2383 | D:8      | Noticed an orange crystal statue
  2438 | D:8      | Paralysed by fainting for 12 turns
  2458 | D:8      | HP: 1/103 [ogre/giant spiked club[an orange crystal statue] (17)]
  2459 | D:8      | Mangled by an ogre

Vault maps used:
D:1:      minmay_arrival_stone_box, minmay_surrounded
D:2:      grunt_temple_overflow_forces_of_nature, lightli_temple_of_fire
D:4:      serial_shops, shop
D:5:      first_bread, hangedman_ru_absence, uniq_ijyb, uniq_eustachio,
          uniq_blork_the_orc
D:6:      lemuel_crystal_altar, gammafunk_temple_overflow_forgotten,
          serial_shops, shop, minmay_misc_feat_columns,
          nicolae_for_you_no_charge, uniq_sigmund
D:7:      minmay_temple_entry_hall, serial_shops, shop
D:8:      minmay_statue_hallways, serial_corexii_hall, corexii_hall_statues_s,
          corexii_hall_statues_x, hangedman_little_slice_of_home
D:9:      minmay_the_grid_triangle_9x9_recursive_2_mashed,
          grunt_temple_overflow_gold_and_silver, kennysheep_mini_moat,
          lightli_church_of_beogh
Temple:   minmay_temple_bridge_abc

Skill      XL: |  1  2  3  4  5  6  7  8 |
---------------+-------------------------+-----
Spellcasting   | 5 6 |  6.3
Short Blades   | 1 2 3 |  3.8
Long Blades    | 1 2 3 |  3.8
Maces & Flails | 1 2 3 |  3.8
Polearms       | 1 2 3 |  3.8
Staves         | 1 2 3 |  3.8
Slings         | 1 2 3 |  3.8
Bows           | 1 2 3 |  3.8
Crossbows      | 1 2 3 |  3.8
Throwing       | 1 2 3 |  3.8
Stealth        | 1 2 3 |  3.8
Shields        | 1 2 3 |  3.8
Unarmed Combat | 1 2 3 |  3.8
Conjurations   | 1 2 3 |  3.8
Hexes          | 1 2 3 |  3.8
Summonings     | 1 2 3 |  3.8
Necromancy     | 1 2 3 |  3.8
Translocations | 1 2 3 |  3.8
Transmutations | 1 2 3 |  3.8
Fire Magic     | 1 2 3 |  3.8
Ice Magic      | 1 2 3 |  3.8
Air Magic      | 1 2 3 |  3.8
Earth Magic    | 1 2 3 |  3.8
Poison Magic   | 1 2 3 |  3.8
Invocations    | 1 2 3 |  3.8
Evocations     | 1 2 3 |  3.8
Armour         | 3 4 |  4.7
Fighting       | 5 6 |  6.0
Axes           | 5 6 |  6.0
Dodging        | 5 6 |  6.0
Charms         | 7 |  7.6

Action                   |  1- 3 |  4- 6 |  7- 9 || total
-------------------------+-------+-------+-------++-------
Melee: Hand axe          |   105 |    44 |       ||   149
       Bite              |    11 |     6 |    28 ||    45
       Punch             |     1 |     1 |     9 ||    11
       War axe           |       |    34 |    55 ||    89
       Falchion          |       |       |   102 ||   102
 Cast: Infusion          |     9 |     5 |     3 ||    17
       Shroud of Golubri |     2 |     1 |     6 ||     9
       Regeneration      |     1 |     1 |     8 ||    10
       Spectral Weapon   |       |     4 |    22 ||    26
Evoke: Wand              |       |     1 |     4 ||     5
  Use: Scroll            |       |     2 |     6 ||     8
       Potion            |       |       |     4 ||     4
  Eat: Chunk             |     1 |     1 |     6 ||     8
       Meat ration       |       |       |     1 ||     1
Armor: Leather armour    |     9 |       |       ||     9
       Scale mail        |    35 |    50 |    57 ||   142
       Skin              |       |       |    52 ||    52
       Troll leather arm |       |       |    20 ||    20
Dodge: Dodged            |    76 |    71 |   163 ||   310
       Rpst.: Falchion   |       |       |    18 ||    18

Table legend:
 A = Spawn XP
 B = Non-spawn XP
 C = Spawn XP percentage of total XP
 D = Spawn monster count
 E = Non-spawn monster count
 F = Spawn count percentage of total count
 G = Total turns spent on level
                    A         B        C        D         E        F      G
               +---------+---------+-------+---------+---------+-------+---------
         Total |       0 |    2618 |   0.0 |       0 |     124 |   0.0 |  2459
               +---------+---------+-------+---------+---------+-------+---------
           D:1 |       0 |      46 |   0.0 |       0 |      29 |   0.0 |   433
           D:2 |       0 |      73 |   0.0 |       0 |      16 |   0.0 |   275
           D:3 |       0 |      66 |   0.0 |       0 |      19 |   0.0 |   336
           D:4 |       0 |     228 |   0.0 |       0 |      15 |   0.0 |   365
           D:5 |       0 |     490 |   0.0 |       0 |       8 |   0.0 |   339
           D:6 |       0 |     394 |   0.0 |       0 |      10 |   0.0 |    74
           D:7 |       0 |     698 |   0.0 |       0 |      15 |   0.0 |   275
           D:8 |       0 |     206 |   0.0 |       0 |      10 |   0.0 |   268
           D:9 |       0 |     417 |   0.0 |       0 |       2 |   0.0 |    42
               +---------+---------+-------+---------+---------+-------+---------

Table legend:
 A = Turns spent in this place as a percentage of turns spent in the entire game.
 B = Non-inter-level travel turns spent in this place as a percentage of non-inter-level travel turns spent in the entire game.
 C = Inter-level travel turns spent in this place as a percentage of turns spent in this place.
 D = Turns resting spent in this place as a percentage of non-inter-level travel turns spent in this place.
 E = Turns spent auto-exploring this place as a percentage of non-inter-level travel turns spent in this place.
 F = Non-inter-level travel turns spent in this place divided by the number of levels of this place that you've seen.
                   A       B       C       D       E      F
               +-------+-------+-------+-------+-------+----------------------
         Total | 100.0 | 100.0 |   2.7 |   0.0 |   0.0 | 239.3
       Dungeon |  97.9 |  98.7 |   1.9 |   0.0 |   0.0 | 262.4
        Temple |   2.1 |   1.3 |  40.4 |   0.0 |   0.0 |  31.0
               +-------+-------+-------+-------+-------+----------------------

Table legend:
 A = Kills in this place as a percentage of kills in entire the game.
 B = Kills by you in this place as a percentage of kills by you in the entire game.
 C = Kills by friends in this place as a percentage of kills by friends in the entire game.
 D = Other kills in this place as a percentage of other kills in the entire game.
 E = Experience gained in this place as a percentage of experience gained in the entire game.
 F = Experience gained in this place divided by the number of levels of this place that you have seen.
                   A       B       C       D       E      F
               +-------+-------+-------+-------+-------+----------------------
         Total | 100.0 | 100.0 |   N/A |   N/A | 100.0 | 261.8
       Dungeon | 100.0 | 100.0 |   N/A |   N/A | 100.0 | 290.9
               +-------+-------+-------+-------+-------+----------------------

Vault maps used:
D:1:      minmay_arrival_stone_box, minmay_surrounded
D:2:      grunt_temple_overflow_forces_of_nature, lightli_temple_of_fire
D:4:      serial_shops, shop
D:5:      first_bread, hangedman_ru_absence, uniq_ijyb, uniq_eustachio,
          uniq_blork_the_orc
D:6:      lemuel_crystal_altar, gammafunk_temple_overflow_forgotten,
          serial_shops, shop, minmay_misc_feat_columns,
          nicolae_for_you_no_charge, uniq_sigmund
D:7:      minmay_temple_entry_hall, serial_shops, shop
D:8:      minmay_statue_hallways, serial_corexii_hall, corexii_hall_statues_s,
          corexii_hall_statues_x, hangedman_little_slice_of_home
D:9:      minmay_the_grid_triangle_9x9_recursive_2_mashed,
          grunt_temple_overflow_gold_and_silver, kennysheep_mini_moat,
          lightli_church_of_beogh
Temple:   minmay_temple_bridge_abc
